[ AOE2 MATCH · #476975861 ]
UnrankedBurgundians vs Portuguese
[ REPLAY ANALYSIS · EXTRACTED FROM THE RECORDED GAME ]
Feudal
11:04
Castle
14:55
Imperial
34:24
| APM avg | 37.1 |
| APM peak | 73 |
| eAPM avg | 21.4 |
| Villagers / military | 197 / 168 |
Focus
⚔️ 34.4% · 🌾 65.6%
Hand Cannoneer ×120 · Trade Cart ×47 · Bombard Cannon ×35 · Cavalry Archer ×7 · Mangonel ×4 · Monk ×2
Feudal
11:51
Castle
15:38
Imperial
28:05
| APM avg | 46.8 |
| APM peak | 76 |
| eAPM avg | 28.5 |
| Villagers / military | 106 / 240 |
Focus
⚔️ 34.6% · 🌾 65.4%
Konnik ×200 · Trade Cart ×58 · Fishing Ship ×51 · Mangonel ×26 · Scout Cavalry ×8 · Trebuchet (Packed) ×6
Feudal
12:30
Castle
16:48
Imperial
31:38
| APM avg | 49.5 |
| APM peak | 91 |
| eAPM avg | 23.1 |
| Villagers / military | 196 / 258 |
Focus
⚔️ 42.3% · 🌾 57.7%
Organ Gun ×85 · Hand Cannoneer ×78 · Spearman ×69 · Bombard Cannon ×20 · Fishing Ship ×11 · Trade Cart ×9
Feudal
12:38
Castle
17:13
Imperial
22:21
| APM avg | 29.2 |
| APM peak | 56 |
| eAPM avg | 17.8 |
| Villagers / military | 74 / 168 |
Focus
⚔️ 41.3% · 🌾 58.7%
Plumed Archer ×108 · Eagle Scout ×52 · Trade Cart ×47 · Fishing Ship ×19 · Trebuchet (Packed) ×5 · Battering Ram ×3
Feudal
12:13
Castle
16:48
Imperial
32:05
| APM avg | 36.5 |
| APM peak | 76 |
| eAPM avg | 21.2 |
| Villagers / military | 129 / 346 |
Focus
⚔️ 34.5% · 🌾 65.5%
Spearman ×274 · Trade Cart ×47 · Fishing Ship ×39 · Bombard Cannon ×24 · Mangonel ×16 · Shotel Warrior ×15
Feudal
10:37
Castle
16:15
Imperial
32:37
| APM avg | 37.0 |
| APM peak | 89 |
| eAPM avg | 25.0 |
| Villagers / military | 159 / 529 |
Focus
⚔️ 36.7% · 🌾 63.3%
Scout Cavalry ×463 · Knight ×50 · Trebuchet (Packed) ×14 · Obuch ×2 · Fishing Ship ×1
Feudal
9:30
Castle
22:00
Imperial
35:31
| APM avg | 36.2 |
| APM peak | 70 |
| eAPM avg | 18.4 |
| Villagers / military | 193 / 209 |
Focus
⚔️ 35.2% · 🌾 64.8%
Knight ×166 · Trade Cart ×38 · Archer ×15 · Galley ×15 · Fishing Ship ×4 · Trebuchet (Packed) ×4
Feudal
12:04
Castle
15:53
Imperial
28:29
| APM avg | 45.8 |
| APM peak | 89 |
| eAPM avg | 27.3 |
| Villagers / military | 112 / 421 |
Focus
⚔️ 48.9% · 🌾 51.1%
Militia ×348 · Fishing Ship ×64 · Trade Cart ×46 · Spearman ×38 · Bombard Cannon ×27 · Mangonel ×5
Match map
Initial resources + every placement click. Lines = walls · curves = elevation contours. ◆ gold · ⬟ stone · ● berries · ✦ relic · ◌ wall gap
Your base· ✓ Closed at 14:55 · 23t walls · no gate
Grinchy's base· ✓ Closed at 15:38 · 26t walls · no gate
MrWrong's base· ✓ Closed at 16:48 · 27t walls · 1 gate(s)
Mununez's base· ✓ Closed at 17:13 · 31t walls · no gate
dinkydinks's base· ✓ Closed at 16:48 · 2t walls · no gate
Rooster's base· Open — 1t gap
scorpion145's base· ✓ Closed at 22:00 · 14t walls · 1 gate(s)
Harzah's base· ✓ Closed at 15:53 · 0t walls · no gate
Smoothed initial terrain · ◌ = detected wall gap · hover for details
Inputs per minute
— Veci - - Grinchy
Build order — Veci
First 150 of 453 actions detected
| 0:01 | Create | Villager (Male) |
| 0:01 | Create | Villager (Male) |
| 0:01 | Create | Villager (Male) |
| 0:02 | Create | Villager (Male) |
| 0:03 | Build | House |
| 0:04 | Build | House |
| 0:19 | Research | Loom |
| 0:20 | Create | Villager (Male) |
| 0:20 | Create | Villager (Male) |
| 0:20 | Create | Villager (Male) |
| 1:32 | Build | House |
| 1:43 | Build | House |
| 1:51 | Build | House |
| 2:02 | Create | Villager (Male) |
| 2:10 | Build | Palisade Wall |
| 2:34 | Create | Villager (Male) |
| 2:54 | Create | Villager (Male) |
| 2:54 | Create | Villager (Male) |
| 3:12 | Build | Lumber Camp |
| 3:18 | Create | Villager (Male) |
| 3:18 | Create | Villager (Male) |
| 3:43 | Create | Villager (Male) |
| 4:09 | Create | Villager (Male) |
| 4:09 | Create | Villager (Male) |
| 4:21 | Build | House |
| 4:35 | Create | Villager (Male) |
| 4:35 | Create | Villager (Male) |
| 5:30 | Create | Villager (Male) |
| 5:32 | Create | Villager (Male) |
| 5:50 | Create | Villager (Male) |
| 6:00 | Create | Villager (Male) |
| 6:14 | Research | Double-Bit Axe |
| 6:15 | Build | House |
| 6:32 | Create | Villager (Male) |
| 6:49 | Create | Villager (Male) |
| 7:38 | Create | Villager (Male) |
| 7:50 | Build | Mill |
| 7:57 | Build | House |
| 8:04 | Create | Villager (Male) |
| 8:25 | Create | Villager (Male) |
| 8:38 | Build | Mining Camp |
| 8:46 | Research | Feudal Age |
| 9:04 | Create | Villager (Male) |
| 9:04 | Create | Villager (Male) |
| 9:27 | Create | Villager (Male) |
| 11:04 | Age | Feudal Age |
| 11:07 | Build | Market |
| 11:10 | Build | Blacksmith |
| 11:20 | Build | Stone Wall |
| 11:25 | Build | Outpost |
| 12:15 | Research | Castle Age |
| 12:42 | Build | House |
| 12:59 | Build | House |
| 13:35 | Build | Lumber Camp |
| 14:15 | Research | Bow Saw |
| 14:33 | Build | Farm |
| 14:33 | Build | Farm |
| 14:36 | Research | Horse Collar |
| 14:55 | Age | Castle Age |
| 14:58 | Create | Villager (Male) |
| 15:00 | Build | Siege Workshop |
| 15:25 | Create | Villager (Male) |
| 15:25 | Create | Villager (Male) |
| 15:37 | Build | Monastery |
| 15:43 | Create | Mangonel |
| 15:43 | Create | Mangonel |
| 15:55 | Build | Farm |
| 15:58 | Create | Villager (Male) |
| 16:09 | Build | Farm |
| 16:23 | Create | Monk |
| 16:31 | Create | Villager (Male) |
| 16:46 | Create | Mangonel |
| 16:51 | Build | Farm |
| 16:54 | Build | Farm |
| 17:05 | Create | Villager (Male) |
| 17:05 | Create | Villager (Male) |
| 17:28 | Create | Villager (Male) |
| 17:34 | Build | Farm |
| 17:35 | Build | Farm |
| 17:43 | Create | Monk |
| 18:16 | Build | Stone Wall |
| 18:18 | Build | Stone Wall |
| 18:19 | Create | Villager (Male) |
| 18:20 | Create | Villager (Male) |
| 18:30 | Build | Stone Wall |
| 18:32 | Create | Villager (Male) |
| 18:38 | Build | Farm |
| 18:39 | Build | Farm |
| 18:39 | Build | Farm |
| 18:39 | Build | Farm |
| 18:39 | Build | Farm |
| 18:58 | Create | Villager (Male) |
| 19:13 | Build | Stone Wall |
| 19:14 | Build | Stone Wall |
| 19:15 | Build | Stone Wall |
| 19:15 | Build | Stone Wall |
| 19:20 | Create | Villager (Male) |
| 19:23 | Build | House |
| 19:38 | Build | Farm |
| 19:57 | Build | Town Center |
| 19:59 | Create | Villager (Male) |
| 20:10 | Build | Farm |
| 20:13 | Create | Villager (Male) |
| 20:17 | Build | Outpost |
| 20:19 | Create | Villager (Male) |
| 20:37 | Build | House |
| 20:38 | Build | House |
| 20:45 | Research | Town Watch |
| 20:51 | Build | Farm |
| 20:52 | Research | Wheelbarrow |
| 21:05 | Create | Villager (Male) |
| 21:27 | Build | University |
| 21:45 | Build | Stone Wall |
| 21:46 | Build | Stone Wall |
| 21:47 | Build | Stone Wall |
| 21:49 | Create | Villager (Male) |
| 22:01 | Build | Town Center |
| 22:01 | Create | Villager (Male) |
| 22:02 | Create | Villager (Male) |
| 22:10 | Build | Stone Wall |
| 22:22 | Create | Villager (Male) |
| 22:22 | Create | Villager (Male) |
| 22:38 | Research | Fortified Wall (upgrade) |
| 22:43 | Build | Stone Wall |
| 22:44 | Build | Stone Wall |
| 22:47 | Build | Stone Wall |
| 23:04 | Build | Stone Wall |
| 23:08 | Build | Stone Wall |
| 23:10 | Build | Stone Wall |
| 23:11 | Build | Stone Wall |
| 23:15 | Create | Villager (Male) |
| 23:15 | Create | Villager (Male) |
| 23:16 | Create | Villager (Male) |
| 23:23 | Create | Villager (Male) |
| 23:31 | Build | Monastery |
| 23:34 | Create | Villager (Male) |
| 23:50 | Build | Mining Camp |
| 24:20 | Create | Villager (Male) |
| 24:20 | Create | Villager (Male) |
| 24:30 | Create | Villager (Male) |
| 24:30 | Create | Villager (Male) |
| 24:31 | Create | Villager (Male) |
| 24:31 | Create | Villager (Male) |
| 24:46 | Build | Stone Wall |
| 24:47 | Build | Stone Wall |
| 24:50 | Create | Mangonel |
| 24:53 | Build | House |
| 24:53 | Build | House |
| 24:56 | Create | Villager (Male) |
| 25:01 | Build | Farm |
Build order — Grinchy
First 150 of 499 actions detected
| 0:00 | Create | Villager (Male) |
| 0:01 | Create | Villager (Male) |
| 0:02 | Build | House |
| 0:03 | Build | House |
| 0:06 | Create | Villager (Male) ×2 |
| 1:15 | Create | Villager (Male) |
| 1:58 | Create | Villager (Male) |
| 2:02 | Build | Lumber Camp |
| 2:13 | Create | Villager (Male) |
| 2:37 | Create | Villager (Male) |
| 3:00 | Create | Villager (Male) |
| 3:23 | Build | House |
| 3:40 | Create | Villager (Male) |
| 3:49 | Create | Villager (Male) |
| 4:22 | Create | Villager (Male) |
| 4:26 | Build | Dock |
| 4:50 | Build | House |
| 4:55 | Create | Villager (Male) |
| 5:14 | Create | Fishing Ship |
| 5:18 | Create | Villager (Male) |
| 5:37 | Create | Fishing Ship |
| 5:37 | Create | Villager (Male) |
| 6:05 | Create | Villager (Male) |
| 6:18 | Build | Palisade Wall |
| 6:19 | Build | Palisade Wall |
| 6:21 | Build | Palisade Wall |
| 6:21 | Build | Palisade Wall |
| 6:25 | Build | Palisade Wall |
| 6:29 | Create | Fishing Ship |
| 6:30 | Create | Villager (Male) |
| 6:38 | Build | Palisade Wall |
| 6:47 | Build | Palisade Wall |
| 7:09 | Create | Villager (Male) |
| 7:10 | Create | Fishing Ship |
| 7:16 | Build | House |
| 7:22 | Build | Palisade Wall |
| 7:36 | Create | Villager (Male) |
| 7:37 | Create | Villager (Male) |
| 7:38 | Create | Fishing Ship |
| 7:57 | Create | Fishing Ship |
| 7:58 | Create | Villager (Male) |
| 8:12 | Build | House |
| 8:24 | Build | Lumber Camp |
| 8:47 | Create | Villager (Male) |
| 8:50 | Create | Fishing Ship |
| 9:12 | Create | Villager (Male) |
| 9:26 | Build | Mining Camp |
| 9:39 | Research | Feudal Age |
| 9:46 | Create | Fishing Ship |
| 10:13 | Build | House |
| 10:17 | Build | Mill |
| 10:57 | Create | Villager (Male) |
| 10:58 | Create | Villager (Male) |
| 11:51 | Age | Feudal Age |
| 12:09 | Build | Market |
| 12:11 | Build | Blacksmith |
| 12:20 | Build | Fish Trap |
| 12:22 | Build | Fish Trap |
| 12:24 | Build | Fish Trap |
| 12:39 | Build | Fish Trap |
| 12:58 | Research | Castle Age |
| 13:09 | Build | Fish Trap |
| 13:20 | Build | Stone Wall |
| 13:25 | Build | Fish Trap |
| 13:29 | Build | House |
| 13:33 | Research | Double-Bit Axe |
| 13:59 | Research | Tech 906 |
| 14:02 | Build | Fish Trap |
| 14:12 | Build | Outpost |
| 14:48 | Create | Fishing Ship |
| 15:00 | Build | House |
| 15:02 | Build | House |
| 15:02 | Build | House |
| 15:38 | Age | Castle Age |
| 15:41 | Build | Town Center |
| 15:44 | Build | Town Center |
| 15:46 | Create | Villager (Male) |
| 15:46 | Create | Villager (Male) |
| 15:48 | Research | Bow Saw |
| 16:08 | Research | Gillnets |
| 16:28 | Build | Fish Trap |
| 16:32 | Create | Villager (Male) |
| 16:39 | Create | Fishing Ship |
| 16:59 | Create | Villager (Male) |
| 16:59 | Create | Villager (Male) |
| 17:00 | Create | Fishing Ship |
| 17:17 | Create | Fishing Ship |
| 17:18 | Create | Villager (Male) |
| 17:19 | Create | Villager (Male) |
| 17:21 | Create | Fishing Ship |
| 17:23 | Build | Fish Trap |
| 17:28 | Build | Dock |
| 17:32 | Create | Villager (Male) |
| 17:36 | Create | Villager (Male) |
| 17:40 | Build | Dock |
| 17:53 | Create | Fishing Ship |
| 17:59 | Create | Villager (Male) |
| 18:00 | Create | Villager (Male) |
| 18:05 | Build | Dock |
| 18:10 | Build | Fish Trap |
| 18:22 | Build | Dock |
| 18:28 | Build | Dock |
| 18:30 | Create | Villager (Male) |
| 18:31 | Create | Fishing Ship |
| 18:32 | Create | Fishing Ship |
| 18:35 | Create | Villager (Male) |
| 18:39 | Create | Fishing Ship |
| 18:44 | Build | Fish Trap |
| 18:48 | Create | Villager (Male) |
| 18:51 | Build | House |
| 18:52 | Build | House |
| 18:54 | Build | House |
| 18:55 | Build | House |
| 18:59 | Create | Villager (Male) |
| 19:00 | Create | Fishing Ship |
| 19:12 | Create | Fishing Ship |
| 19:12 | Create | Fishing Ship |
| 19:13 | Create | Villager (Male) |
| 19:18 | Build | Fish Trap |
| 19:23 | Create | Fishing Ship |
| 19:25 | Build | Fish Trap |
| 19:27 | Create | Villager (Male) |
| 19:28 | Create | Villager (Male) |
| 19:30 | Create | Fishing Ship |
| 19:33 | Create | Villager (Male) |
| 19:39 | Build | Fish Trap |
| 19:45 | Create | Fishing Ship |
| 19:46 | Create | Villager (Male) |
| 19:56 | Create | Fishing Ship |
| 19:58 | Build | Fish Trap |
| 19:59 | Create | Villager (Male) |
| 20:02 | Create | Villager (Male) |
| 20:05 | Build | Fish Trap |
| 20:10 | Build | Fish Trap |
| 20:12 | Create | Fishing Ship |
| 20:13 | Create | Villager (Male) |
| 20:15 | Create | Fishing Ship |
| 20:22 | Build | House |
| 20:26 | Create | Fishing Ship |
| 20:28 | Create | Villager (Male) |
| 20:31 | Build | Fish Trap |
| 20:34 | Create | Villager (Male) |
| 20:36 | Create | Fishing Ship |
| 20:38 | Build | Fish Trap |
| 20:40 | Create | Fishing Ship |
| 20:46 | Create | Villager (Male) |
| 20:49 | Build | Fish Trap |
| 20:54 | Build | House |
| 20:54 | Create | Fishing Ship |
| 20:59 | Create | Fishing Ship |
Build order — MrWrong
First 150 of 609 actions detected
| 0:00 | Create | Villager (Male) |
| 0:00 | Create | Villager (Male) |
| 0:01 | Create | Villager (Male) |
| 0:02 | Build | House |
| 0:03 | Build | House |
| 0:12 | Create | Villager (Male) |
| 1:27 | Create | Villager (Male) |
| 1:50 | Build | Lumber Camp |
| 1:59 | Create | Villager (Male) |
| 2:20 | Create | Villager (Male) |
| 2:46 | Create | Villager (Male) |
| 3:00 | Build | House |
| 3:06 | Create | Villager (Male) |
| 3:36 | Create | Villager (Male) |
| 3:36 | Create | Villager (Male) |
| 3:51 | Create | Villager (Male) |
| 3:51 | Create | Villager (Male) |
| 4:20 | Create | Villager (Male) |
| 4:32 | Build | House |
| 5:09 | Create | Villager (Male) |
| 5:12 | Create | Villager (Male) |
| 5:17 | Build | Dock |
| 5:24 | Create | Villager (Male) |
| 5:33 | Create | Villager (Male) |
| 5:43 | Build | House |
| 5:57 | Create | Fishing Ship |
| 6:06 | Create | Fishing Ship |
| 6:19 | Research | Loom |
| 6:30 | Create | Fishing Ship |
| 6:48 | Create | Villager (Male) |
| 6:48 | Create | Villager (Male) |
| 6:51 | Create | Villager (Male) |
| 7:00 | Build | Palisade Wall |
| 7:02 | Build | Palisade Wall |
| 7:04 | Create | Villager (Male) |
| 7:04 | Create | Villager (Male) |
| 7:21 | Build | House |
| 7:51 | Create | Villager (Male) |
| 7:51 | Create | Villager (Male) |
| 8:00 | Create | Fishing Ship |
| 8:08 | Build | Mill |
| 8:08 | Create | Villager (Male) |
| 8:21 | Create | Villager (Male) |
| 8:33 | Create | Villager (Male) |
| 8:48 | Build | Palisade Wall |
| 8:51 | Create | Villager (Male) |
| 8:56 | Create | Fishing Ship |
| 9:02 | Build | House |
| 9:12 | Build | Palisade Wall |
| 9:28 | Build | Mining Camp |
| 9:57 | Build | Palisade Wall |
| 9:57 | Build | Palisade Wall |
| 10:04 | Build | Palisade Wall |
| 10:15 | Research | Feudal Age |
| 10:24 | Build | House |
| 11:12 | Build | Barracks |
| 11:17 | Create | Villager (Male) |
| 11:57 | Create | Villager (Male) |
| 12:11 | Build | House |
| 12:17 | Create | Villager (Male) |
| 12:30 | Age | Feudal Age |
| 12:33 | Build | Stable |
| 12:34 | Create | Villager (Male) |
| 12:39 | Build | Blacksmith |
| 12:49 | Create | Villager (Male) |
| 12:49 | Create | Villager (Male) |
| 12:49 | Create | Villager (Male) |
| 14:08 | Research | Castle Age |
| 14:09 | Create | Villager (Male) |
| 14:34 | Build | Stone Wall |
| 14:37 | Build | Gate |
| 14:40 | Research | Double-Bit Axe |
| 14:52 | Research | Tech 906 |
| 15:22 | Research | Bloodlines |
| 16:21 | Create | Villager (Male) |
| 16:21 | Create | Villager (Male) |
| 16:21 | Create | Villager (Male) |
| 16:48 | Age | Castle Age |
| 16:50 | Create | Villager (Male) |
| 16:51 | Create | Knight |
| 16:51 | Create | Knight |
| 16:53 | Research | Bow Saw |
| 17:05 | Build | House |
| 17:06 | Build | House |
| 17:14 | Create | Villager (Male) |
| 17:21 | Build | Town Center |
| 17:26 | Create | Knight |
| 17:31 | Build | Fish Trap |
| 17:37 | Build | Fish Trap |
| 17:42 | Build | Fish Trap |
| 17:46 | Build | Fish Trap |
| 17:50 | Build | Fish Trap |
| 17:52 | Create | Knight |
| 17:55 | Create | Villager (Male) |
| 17:55 | Create | Villager (Male) |
| 17:55 | Create | Villager (Male) |
| 18:06 | Build | Farm |
| 18:13 | Research | Horse Collar |
| 18:13 | Create | Knight |
| 18:27 | Research | Scale Barding Armor |
| 18:27 | Create | Villager (Male) |
| 18:30 | Build | Farm |
| 18:31 | Build | Farm |
| 18:42 | Create | Villager (Male) |
| 18:42 | Create | Villager (Male) |
| 18:42 | Create | Villager (Male) |
| 19:11 | Create | Villager (Male) |
| 19:11 | Create | Villager (Male) |
| 19:20 | Create | Villager (Male) |
| 19:22 | Build | Farm |
| 19:23 | Build | Farm |
| 19:24 | Build | Farm |
| 19:25 | Build | Farm |
| 19:25 | Build | Farm |
| 19:29 | Build | Farm |
| 19:30 | Build | Farm |
| 19:32 | Create | Villager (Male) |
| 19:32 | Create | Villager (Male) |
| 19:48 | Build | House |
| 19:58 | Build | Mining Camp |
| 20:00 | Create | Knight |
| 20:16 | Create | Villager (Male) |
| 20:16 | Create | Villager (Male) |
| 20:27 | Build | House |
| 20:34 | Create | Villager (Male) |
| 20:34 | Create | Villager (Male) |
| 20:46 | Create | Villager (Male) |
| 20:47 | Create | Villager (Male) |
| 20:56 | Create | Fishing Ship |
| 21:03 | Create | Villager (Male) |
| 21:03 | Create | Villager (Male) |
| 21:03 | Create | Villager (Male) |
| 21:15 | Build | House |
| 21:16 | Create | Villager (Male) |
| 21:19 | Build | Town Center |
| 21:24 | Build | Lumber Camp |
| 21:27 | Build | Farm |
| 21:30 | Build | Farm |
| 21:31 | Build | Farm |
| 21:32 | Build | Farm |
| 21:45 | Create | Villager (Male) |
| 21:45 | Create | Villager (Male) |
| 21:47 | Build | Fish Trap |
| 21:49 | Create | Villager (Male) |
| 21:54 | Create | Villager (Male) |
| 21:54 | Create | Villager (Male) |
| 21:58 | Build | House |
| 21:59 | Build | House |
| 22:06 | Create | Villager (Male) |
| 22:06 | Create | Villager (Male) |
Build order — Mununez
First 150 of 323 actions detected
| 0:01 | Research | Loom |
| 0:02 | Create | Villager (Male) |
| 0:02 | Create | Villager (Male) |
| 0:03 | Build | House |
| 0:15 | Create | Villager (Male) |
| 1:10 | Build | Palisade Wall |
| 1:15 | Build | Palisade Wall |
| 1:19 | Build | Palisade Wall |
| 1:34 | Create | Villager (Male) |
| 1:37 | Build | House |
| 1:43 | Build | Palisade Wall |
| 2:04 | Create | Villager (Male) |
| 2:12 | Build | House |
| 2:39 | Create | Villager (Male) |
| 3:05 | Create | Villager (Male) |
| 3:12 | Build | Palisade Wall |
| 3:19 | Build | Lumber Camp |
| 3:28 | Create | Villager (Male) |
| 4:11 | Create | Villager (Male) |
| 4:20 | Build | House |
| 4:31 | Create | Villager (Male) |
| 5:01 | Create | Villager (Male) |
| 5:06 | Build | Palisade Wall |
| 5:25 | Create | Villager (Male) |
| 5:40 | Build | House |
| 5:50 | Create | Villager (Male) |
| 5:50 | Create | Villager (Male) |
| 5:58 | Build | Dock |
| 6:28 | Create | Villager (Male) |
| 6:52 | Create | Fishing Ship |
| 6:55 | Create | Villager (Male) |
| 7:17 | Create | Villager (Male) |
| 7:31 | Create | Villager (Male) |
| 7:33 | Build | House |
| 7:34 | Create | Fishing Ship |
| 8:15 | Create | Villager (Male) |
| 8:16 | Create | Fishing Ship |
| 8:44 | Build | Mining Camp |
| 8:45 | Create | Villager (Male) |
| 9:00 | Build | House |
| 9:11 | Create | Villager (Male) |
| 9:38 | Create | Villager (Male) |
| 9:41 | Build | Mining Camp |
| 9:48 | Create | Fishing Ship |
| 10:03 | Create | Villager (Male) |
| 10:26 | Research | Feudal Age |
| 10:28 | Create | Fishing Ship |
| 11:11 | Build | Mill |
| 11:20 | Create | Fishing Ship |
| 11:50 | Build | House |
| 12:23 | Create | Villager (Male) |
| 12:38 | Age | Feudal Age |
| 12:42 | Build | Market |
| 12:44 | Research | Double-Bit Axe |
| 12:48 | Create | Villager (Male) |
| 13:22 | Build | Stone Wall |
| 13:25 | Create | Villager (Male) |
| 13:39 | Create | Fishing Ship |
| 13:47 | Build | Blacksmith |
| 13:55 | Create | Villager (Male) |
| 14:24 | Research | Gold Mining |
| 14:33 | Research | Castle Age |
| 14:34 | Create | Fishing Ship |
| 14:36 | Build | House |
| 15:40 | Build | House |
| 15:49 | Create | Fishing Ship |
| 16:21 | Build | House |
| 16:33 | Create | Fishing Ship |
| 17:01 | Create | Villager (Male) |
| 17:01 | Create | Villager (Male) |
| 17:13 | Age | Castle Age |
| 17:17 | Build | House |
| 17:41 | Build | Castle |
| 17:52 | Build | Castle |
| 17:54 | Build | Lumber Camp |
| 18:04 | Create | Villager (Male) |
| 18:10 | Build | Fish Trap |
| 18:17 | Build | Fish Trap |
| 18:21 | Build | Fish Trap |
| 18:24 | Create | Fishing Ship |
| 18:32 | Build | Fish Trap |
| 18:40 | Create | Villager (Male) |
| 19:11 | Research | Imperial Age |
| 19:25 | Build | Fish Trap |
| 19:38 | Research | Tech 906 |
| 19:51 | Create | Plumed Archer |
| 19:52 | Create | Plumed Archer |
| 20:22 | Create | Plumed Archer |
| 20:25 | Research | Bow Saw |
| 20:29 | Build | Fish Trap |
| 20:36 | Create | Plumed Archer |
| 20:53 | Create | Plumed Archer |
| 20:58 | Build | Fish Trap |
| 21:09 | Create | Villager (Male) |
| 21:11 | Create | Plumed Archer |
| 21:13 | Research | Fletching |
| 21:19 | Build | Fish Trap |
| 21:28 | Create | Plumed Archer |
| 21:43 | Create | Plumed Archer |
| 21:50 | Build | Fish Trap |
| 22:13 | Build | Lumber Camp |
| 22:21 | Age | Imperial Age |
| 22:22 | Create | Trebuchet (Packed) |
| 22:42 | Research | Bodkin Arrow |
| 22:43 | Create | Villager (Male) |
| 22:47 | Build | Fish Trap |
| 23:02 | Build | Fish Trap |
| 23:24 | Create | Villager (Male) |
| 23:31 | Create | Trebuchet (Packed) |
| 23:32 | Research | Gillnets |
| 23:56 | Create | Villager (Male) |
| 23:59 | Create | Fishing Ship |
| 24:15 | Build | University |
| 24:32 | Create | Plumed Archer |
| 24:37 | Create | Villager (Male) |
| 24:39 | Create | Plumed Archer |
| 25:05 | Create | Villager (Male) |
| 25:07 | Create | Plumed Archer |
| 25:12 | Build | Castle |
| 25:17 | Build | Fish Trap |
| 25:18 | Create | Plumed Archer |
| 25:22 | Create | Villager (Male) |
| 25:31 | Research | Ballistics |
| 25:36 | Research | Bracer |
| 25:59 | Create | Villager (Male) |
| 26:02 | Create | Plumed Archer |
| 26:02 | Create | Plumed Archer |
| 26:02 | Create | Plumed Archer |
| 26:07 | Create | Fishing Ship |
| 26:08 | Create | Fishing Ship |
| 26:08 | Create | Villager (Male) |
| 26:16 | Build | Lumber Camp |
| 26:56 | Create | Plumed Archer ×5 |
| 26:56 | Create | Villager (Male) |
| 26:57 | Create | Villager (Male) |
| 26:57 | Create | Villager (Male) |
| 26:58 | Create | Villager (Male) |
| 26:58 | Create | Villager (Male) ×2 |
| 27:09 | Build | Fish Trap |
| 27:27 | Create | Plumed Archer |
| 27:28 | Create | Plumed Archer |
| 27:52 | Build | Fish Trap |
| 28:17 | Research | Chemistry |
| 28:18 | Create | Plumed Archer ×4 |
| 28:19 | Create | Villager (Male) |
| 28:19 | Create | Villager (Male) |
| 28:29 | Build | Dock |
| 28:35 | Build | Town Center |
| 28:45 | Build | Siege Workshop |
| 28:49 | Create | Plumed Archer |
Build order — dinkydinks
First 150 of 482 actions detected
| 0:01 | Create | Villager (Male) ×4 |
| 0:02 | Build | House |
| 0:03 | Build | House |
| 1:34 | Create | Villager (Male) |
| 1:58 | Create | Villager (Male) |
| 2:11 | Build | Lumber Camp |
| 2:19 | Create | Villager (Male) |
| 2:48 | Create | Villager (Male) |
| 3:10 | Create | Villager (Male) |
| 3:51 | Create | Villager (Male) |
| 3:51 | Create | Villager (Male) |
| 4:16 | Build | House |
| 4:36 | Create | Villager (Male) |
| 5:08 | Create | Villager (Male) |
| 5:33 | Create | Villager (Male) |
| 5:45 | Create | Villager (Male) |
| 6:05 | Build | Palisade Wall |
| 6:05 | Build | Palisade Wall |
| 6:12 | Build | Dock |
| 6:22 | Build | House |
| 6:28 | Create | Villager (Male) |
| 6:56 | Build | House |
| 7:03 | Create | Villager (Male) |
| 7:15 | Create | Fishing Ship |
| 7:23 | Create | Villager (Male) |
| 7:29 | Create | Villager (Male) |
| 7:33 | Build | Mill |
| 8:00 | Create | Villager (Male) |
| 8:30 | Create | Villager (Male) |
| 8:51 | Create | Fishing Ship |
| 8:51 | Create | Fishing Ship |
| 8:51 | Create | Fishing Ship |
| 8:57 | Build | House |
| 8:58 | Build | House |
| 9:09 | Create | Villager (Male) |
| 9:22 | Build | Mining Camp |
| 9:56 | Research | Loom |
| 10:03 | Research | Feudal Age |
| 10:03 | Research | Feudal Age |
| 10:44 | Create | Villager (Male) |
| 11:06 | Create | Fishing Ship |
| 11:07 | Create | Fishing Ship |
| 11:15 | Build | House |
| 12:08 | Create | Villager (Male) |
| 12:13 | Age | Feudal Age |
| 12:19 | Create | Fishing Ship |
| 12:27 | Build | Blacksmith |
| 12:31 | Build | Market |
| 12:39 | Create | Fishing Ship |
| 12:44 | Create | Villager (Male) |
| 13:39 | Create | Villager (Male) |
| 13:39 | Create | Villager (Male) |
| 13:53 | Create | Fishing Ship |
| 14:08 | Research | Castle Age |
| 14:23 | Create | Fishing Ship |
| 14:28 | Research | Double-Bit Axe |
| 15:05 | Build | House |
| 15:09 | Create | Fishing Ship |
| 16:02 | Create | Villager (Male) |
| 16:48 | Age | Castle Age |
| 16:56 | Build | Siege Workshop |
| 16:58 | Create | Villager (Male) |
| 17:07 | Build | Town Center |
| 17:17 | Build | Town Center |
| 17:22 | Create | Villager (Male) |
| 17:22 | Create | Villager (Male) |
| 17:23 | Create | Fishing Ship |
| 17:24 | Research | Tech 906 |
| 17:26 | Research | Bow Saw |
| 17:38 | Create | Mangonel |
| 17:42 | Build | House |
| 17:45 | Create | Villager (Male) |
| 17:45 | Create | Villager (Male) |
| 17:45 | Create | Villager (Male) |
| 18:07 | Create | Villager (Male) |
| 18:07 | Create | Villager (Male) |
| 18:07 | Create | Villager (Male) |
| 18:12 | Build | Lumber Camp |
| 18:47 | Build | Town Center |
| 18:49 | Create | Villager (Male) |
| 18:49 | Create | Villager (Male) |
| 18:50 | Create | Villager (Male) |
| 18:50 | Create | Villager (Male) |
| 18:50 | Create | Villager (Male) |
| 18:54 | Build | Fish Trap |
| 19:05 | Create | Villager (Male) |
| 19:27 | Create | Mangonel |
| 19:42 | Build | House |
| 19:47 | Build | Fish Trap |
| 19:55 | Create | Villager (Male) |
| 19:55 | Create | Villager (Male) |
| 19:56 | Create | Villager (Male) |
| 19:56 | Create | Villager (Male) |
| 19:56 | Create | Villager (Male) |
| 19:56 | Create | Villager (Male) |
| 20:37 | Create | Villager (Male) |
| 20:38 | Create | Villager (Male) |
| 20:38 | Create | Villager (Male) |
| 20:40 | Build | Fish Trap |
| 20:41 | Build | Fish Trap |
| 20:44 | Build | Fish Trap |
| 20:45 | Build | Fish Trap |
| 20:48 | Build | Fish Trap |
| 21:00 | Create | Mangonel |
| 21:02 | Create | Villager (Male) |
| 21:03 | Create | Villager (Male) |
| 21:19 | Build | Monastery |
| 21:43 | Build | Fish Trap |
| 21:45 | Build | Fish Trap |
| 21:47 | Create | Villager (Male) |
| 21:47 | Create | Villager (Male) |
| 21:47 | Create | Villager (Male) |
| 21:49 | Build | House |
| 21:49 | Build | House |
| 21:49 | Build | House |
| 21:56 | Build | Fish Trap |
| 21:58 | Build | Fish Trap |
| 22:00 | Build | House |
| 22:01 | Build | House |
| 22:02 | Build | House |
| 22:02 | Build | House |
| 22:02 | Build | House |
| 22:03 | Create | Monk |
| 22:12 | Create | Villager (Male) |
| 22:12 | Create | Villager (Male) |
| 22:35 | Create | Villager (Male) |
| 22:35 | Create | Villager (Male) |
| 23:01 | Create | Villager (Male) |
| 23:01 | Create | Villager (Male) |
| 23:01 | Create | Villager (Male) |
| 23:04 | Build | Farm |
| 23:04 | Build | Farm |
| 23:04 | Build | Farm |
| 23:04 | Build | Farm |
| 23:07 | Create | Fishing Ship |
| 23:07 | Create | Fishing Ship |
| 23:07 | Create | Fishing Ship |
| 23:14 | Build | Dock |
| 23:16 | Build | Dock |
| 23:17 | Research | Loom |
| 23:18 | Create | Villager (Male) |
| 23:18 | Create | Villager (Male) |
| 23:34 | Create | Villager (Male) |
| 23:34 | Create | Villager (Male) |
| 23:35 | Create | Villager (Male) |
| 23:35 | Create | Villager (Male) |
| 23:36 | Build | Fish Trap |
| 23:39 | Build | Fish Trap |
| 23:59 | Research | Gillnets |
| 24:06 | Build | House |
Build order — Rooster
First 150 of 617 actions detected
| 0:01 | Create | Villager (Male) ×4 |
| 0:02 | Build | House |
| 0:03 | Build | House |
| 1:40 | Create | Villager (Male) |
| 2:01 | Create | Villager (Male) |
| 2:12 | Build | Lumber Camp |
| 2:33 | Create | Villager (Male) |
| 2:33 | Create | Villager (Male) |
| 3:02 | Create | Villager (Male) |
| 3:02 | Create | Villager (Male) |
| 3:42 | Create | Villager (Male) |
| 3:42 | Create | Villager (Male) |
| 3:52 | Build | House |
| 4:40 | Create | Villager (Male) |
| 5:02 | Create | Villager (Male) |
| 5:17 | Build | Mill |
| 5:28 | Create | Villager (Male) |
| 5:52 | Create | Villager (Male) |
| 6:06 | Research | Loom |
| 6:06 | Research | Loom |
| 6:32 | Create | Villager (Male) |
| 7:02 | Create | Villager (Male) |
| 7:27 | Build | Mining Camp |
| 7:30 | Create | Villager (Male) |
| 8:02 | Create | Villager (Male) |
| 8:26 | Research | Feudal Age |
| 9:16 | Build | Dock |
| 9:55 | Build | Palisade Wall |
| 9:58 | Build | Palisade Wall |
| 10:07 | Build | House |
| 10:10 | Create | Villager (Male) |
| 10:36 | Create | Villager (Male) |
| 10:37 | Age | Feudal Age |
| 10:40 | Build | Gate |
| 10:41 | Build | Stone Wall |
| 10:53 | Build | Gate |
| 10:53 | Build | Stone Wall |
| 10:56 | Create | Villager (Male) |
| 11:19 | Build | Market |
| 11:44 | Build | Blacksmith |
| 11:51 | Build | House |
| 11:54 | Build | Stone Wall |
| 12:09 | Create | Villager (Male) |
| 12:15 | Build | Watch Tower |
| 12:31 | Build | Stone Wall |
| 12:43 | Build | House |
| 13:16 | Build | House |
| 13:35 | Research | Castle Age |
| 13:35 | Research | Castle Age |
| 13:45 | Create | Fishing Ship |
| 14:34 | Build | Palisade Gate |
| 14:36 | Build | House |
| 14:57 | Build | Mill |
| 15:17 | Build | Farm |
| 15:18 | Build | Farm |
| 15:19 | Build | Farm |
| 15:20 | Build | Farm |
| 15:25 | Create | Villager (Male) |
| 15:39 | Build | Watch Tower |
| 15:47 | Build | Farm |
| 16:15 | Age | Castle Age |
| 16:26 | Build | Stone Wall |
| 16:32 | Create | Villager (Male) |
| 16:32 | Create | Villager (Male) |
| 16:47 | Build | Palisade Wall |
| 16:51 | Build | Stone Wall |
| 17:01 | Build | Farm |
| 17:02 | Build | Farm |
| 17:25 | Create | Villager (Male) |
| 17:34 | Build | Gate |
| 17:43 | Build | Town Center |
| 17:48 | Build | Farm |
| 18:01 | Build | House |
| 18:03 | Build | Stone Wall |
| 18:31 | Create | Villager (Male) |
| 18:47 | Create | Villager (Male) |
| 18:56 | Build | Stone Wall |
| 19:02 | Build | Gate |
| 19:03 | Build | House |
| 19:17 | Create | Villager (Male) |
| 19:20 | Build | Town Center |
| 19:35 | Create | Villager (Male) |
| 19:44 | Build | Stone Wall |
| 19:46 | Build | Stone Wall |
| 19:49 | Create | Villager (Male) |
| 20:16 | Create | Villager (Male) |
| 20:28 | Build | Mill |
| 20:28 | Build | Farm |
| 20:29 | Build | Farm |
| 20:29 | Build | Farm |
| 20:29 | Build | Farm |
| 20:29 | Build | Farm |
| 20:30 | Build | Farm |
| 20:30 | Build | Farm |
| 20:31 | Build | Farm |
| 20:31 | Build | Farm |
| 20:34 | Create | Villager (Male) |
| 20:38 | Create | Villager (Male) |
| 20:38 | Create | Villager (Male) |
| 20:49 | Create | Villager (Male) |
| 20:52 | Build | Stone Wall |
| 20:52 | Build | Stone Wall |
| 21:04 | Build | Farm |
| 21:05 | Build | Farm |
| 21:16 | Create | Villager (Male) |
| 21:16 | Create | Villager (Male) |
| 21:32 | Build | Farm |
| 21:50 | Create | Villager (Male) |
| 21:50 | Create | Villager (Male) |
| 21:52 | Create | Villager (Male) |
| 21:57 | Research | Horse Collar |
| 22:20 | Build | Castle |
| 22:28 | Build | House |
| 22:31 | Build | Stone Wall |
| 22:38 | Create | Villager (Male) |
| 22:38 | Create | Villager (Male) |
| 22:38 | Create | Villager (Male) |
| 22:40 | Build | House |
| 22:50 | Build | House |
| 22:52 | Build | House |
| 22:53 | Build | Stone Wall |
| 23:00 | Create | Villager (Male) |
| 23:00 | Create | Villager (Male) |
| 23:00 | Create | Villager (Male) |
| 23:00 | Create | Villager (Male) |
| 23:13 | Build | House |
| 23:16 | Build | House |
| 23:21 | Build | House |
| 23:33 | Create | Villager (Male) |
| 23:34 | Create | Villager (Male) |
| 23:34 | Create | Villager (Male) |
| 23:48 | Build | Town Center |
| 23:52 | Create | Villager (Male) |
| 23:52 | Create | Villager (Male) |
| 24:12 | Build | Mill |
| 24:13 | Create | Villager (Male) |
| 24:14 | Create | Villager (Male) |
| 24:14 | Create | Villager (Male) |
| 24:26 | Build | Outpost |
| 24:36 | Create | Villager (Male) |
| 24:36 | Create | Villager (Male) |
| 24:54 | Create | Villager (Male) |
| 24:54 | Create | Villager (Male) |
| 25:11 | Build | Farm |
| 25:12 | Build | Farm |
| 25:12 | Build | Farm |
| 25:12 | Build | Farm |
| 25:12 | Build | Farm |
| 25:12 | Build | Farm |
| 25:13 | Build | Farm |
Build order — scorpion145
First 150 of 471 actions detected
| 0:02 | Create | Villager (Male) |
| 0:02 | Create | Villager (Male) |
| 0:03 | Build | House |
| 0:04 | Build | House |
| 0:11 | Create | Villager (Male) |
| 0:11 | Create | Villager (Male) |
| 1:27 | Create | Villager (Male) |
| 1:27 | Create | Villager (Male) |
| 1:44 | Build | Lumber Camp |
| 1:57 | Research | Loom |
| 2:00 | Create | Villager (Male) |
| 2:00 | Create | Villager (Male) |
| 2:11 | Create | Villager (Male) |
| 3:01 | Build | Palisade Wall |
| 3:07 | Create | Villager (Male) |
| 3:10 | Build | Palisade Wall |
| 3:16 | Create | Villager (Male) |
| 4:06 | Create | Villager (Male) |
| 4:06 | Create | Villager (Male) |
| 4:13 | Build | House |
| 4:30 | Create | Villager (Male) |
| 5:13 | Create | Villager (Male) |
| 5:40 | Build | Mining Camp |
| 5:47 | Create | Villager (Male) |
| 6:15 | Create | Villager (Male) |
| 6:15 | Create | Villager (Male) |
| 7:05 | Create | Villager (Male) |
| 7:20 | Research | Feudal Age |
| 7:21 | Research | Feudal Age |
| 8:17 | Build | Barracks |
| 9:00 | Build | House |
| 9:11 | Create | Villager (Male) |
| 9:11 | Create | Villager (Male) |
| 9:30 | Age | Feudal Age |
| 9:34 | Build | Archery Range |
| 9:35 | Create | Spearman |
| 9:56 | Create | Villager (Male) |
| 10:06 | Build | Stone Wall |
| 10:18 | Build | Blacksmith |
| 10:19 | Create | Archer |
| 10:20 | Create | Archer |
| 10:24 | Create | Spearman |
| 10:32 | Build | House |
| 10:34 | Research | Double-Bit Axe |
| 10:54 | Create | Villager (Male) |
| 11:10 | Create | Archer |
| 11:21 | Build | Gate |
| 11:23 | Build | Stone Wall |
| 11:40 | Create | Villager (Male) |
| 11:43 | Create | Archer |
| 11:43 | Create | Archer |
| 12:10 | Create | Villager (Male) |
| 12:13 | Build | House |
| 12:22 | Build | House |
| 12:24 | Create | Archer |
| 12:24 | Create | Archer |
| 13:07 | Build | Dock |
| 13:08 | Create | Villager (Male) |
| 13:08 | Create | Villager (Male) |
| 13:22 | Create | Villager (Male) |
| 13:24 | Build | Mill |
| 13:35 | Research | Fletching |
| 13:42 | Build | Dock |
| 14:01 | Create | Villager (Male) |
| 14:14 | Create | Villager (Male) |
| 14:14 | Create | Villager (Male) |
| 14:40 | Create | Villager (Male) |
| 14:49 | Create | Unit 2626 |
| 14:49 | Create | Unit 2626 |
| 14:54 | Create | Unit 2626 |
| 15:00 | Create | Villager (Male) |
| 15:05 | Create | Transport Ship |
| 15:07 | Create | Archer |
| 15:07 | Create | Archer |
| 15:10 | Build | House |
| 15:12 | Build | House |
| 15:38 | Create | Galley |
| 15:38 | Create | Galley |
| 15:54 | Create | Villager (Male) |
| 16:22 | Create | Villager (Male) |
| 16:22 | Create | Villager (Male) |
| 16:42 | Create | Villager (Male) |
| 16:42 | Create | Villager (Male) |
| 17:01 | Create | Villager (Male) |
| 17:10 | Build | Farm |
| 17:12 | Build | Farm |
| 17:13 | Build | Farm |
| 17:19 | Create | Villager (Male) |
| 17:24 | Create | Villager (Male) |
| 17:39 | Create | Archer |
| 17:39 | Create | Archer |
| 17:42 | Create | Villager (Male) |
| 17:46 | Build | Farm |
| 17:50 | Build | House |
| 18:14 | Create | Villager (Male) |
| 19:20 | Research | Castle Age |
| 19:20 | Research | Castle Age |
| 19:31 | Create | Archer |
| 19:31 | Create | Archer |
| 19:33 | Create | Galley |
| 19:33 | Create | Galley |
| 20:00 | Create | Villager (Male) |
| 20:07 | Build | Mining Camp |
| 20:11 | Research | Horse Collar |
| 20:27 | Build | House |
| 20:28 | Build | House |
| 20:33 | Build | Farm |
| 20:34 | Build | Farm |
| 21:02 | Create | Archer |
| 21:03 | Create | Archer |
| 21:32 | Create | Fishing Ship |
| 21:33 | Create | Fishing Ship |
| 21:35 | Create | Villager (Male) |
| 21:35 | Create | Villager (Male) |
| 21:50 | Build | House |
| 21:52 | Build | House |
| 22:00 | Age | Castle Age |
| 22:14 | Build | Town Center |
| 22:30 | Create | Villager (Male) |
| 22:37 | Research | Bow Saw |
| 22:40 | Build | Town Center |
| 23:00 | Create | Villager (Male) |
| 23:06 | Research | Bodkin Arrow |
| 23:35 | Create | Villager (Male) |
| 23:39 | Research | Heavy Plow |
| 23:42 | Build | Farm |
| 23:42 | Build | Farm |
| 23:42 | Build | Farm |
| 23:43 | Build | Farm |
| 23:43 | Build | Farm |
| 23:43 | Build | Farm |
| 23:45 | Create | Villager (Male) |
| 23:46 | Create | Villager (Male) |
| 23:50 | Build | Farm |
| 23:51 | Create | Villager (Male) |
| 24:06 | Create | Villager (Male) |
| 24:06 | Create | Villager (Male) |
| 24:16 | Create | Villager (Male) |
| 24:25 | Build | Farm |
| 24:27 | Create | Villager (Male) |
| 24:28 | Create | Villager (Male) |
| 24:33 | Create | Villager (Male) |
| 24:33 | Create | Villager (Male) |
| 24:40 | Build | Monastery |
| 24:41 | Create | Villager (Male) |
| 24:41 | Create | Villager (Male) |
| 24:56 | Build | Farm |
| 24:59 | Build | Farm |
| 25:00 | Build | Farm |
| 25:05 | Build | Farm |
Build order — Harzah
First 150 of 817 actions detected
| 0:01 | Create | Villager (Male) |
| 0:02 | Create | Villager (Male) |
| 0:02 | Create | Villager (Male) |
| 0:03 | Build | House |
| 0:04 | Build | House |
| 0:15 | Create | Villager (Male) |
| 0:40 | Build | House |
| 0:43 | Build | House |
| 1:37 | Create | Villager (Male) |
| 2:19 | Create | Villager (Male) |
| 2:19 | Create | Villager (Male) |
| 2:30 | Create | Villager (Male) |
| 2:37 | Build | Lumber Camp |
| 3:03 | Create | Villager (Male) |
| 3:04 | Create | Villager (Male) |
| 3:23 | Create | Villager (Male) |
| 4:11 | Research | Loom |
| 4:36 | Create | Villager (Male) |
| 4:36 | Create | Villager (Male) |
| 4:47 | Build | Dock |
| 4:51 | Create | Villager (Male) |
| 5:26 | Build | House |
| 5:33 | Create | Fishing Ship |
| 5:58 | Build | House |
| 6:07 | Create | Villager (Male) |
| 6:07 | Create | Villager (Male) |
| 6:08 | Create | Villager (Male) |
| 6:08 | Create | Villager (Male) |
| 6:17 | Create | Fishing Ship |
| 6:41 | Create | Villager (Male) |
| 7:16 | Build | Mill |
| 7:43 | Create | Villager (Male) |
| 7:50 | Create | Fishing Ship |
| 8:03 | Create | Villager (Male) |
| 8:06 | Build | House |
| 8:18 | Create | Villager (Male) |
| 8:47 | Create | Villager (Male) |
| 9:02 | Create | Fishing Ship |
| 9:14 | Build | Mining Camp |
| 9:22 | Create | Villager (Male) |
| 9:45 | Create | Fishing Ship |
| 9:54 | Research | Feudal Age |
| 9:54 | Research | Feudal Age |
| 10:18 | Build | Lumber Camp |
| 10:44 | Create | Fishing Ship |
| 12:04 | Age | Feudal Age |
| 12:10 | Build | Market |
| 12:16 | Build | Blacksmith |
| 12:23 | Create | Villager (Male) |
| 12:23 | Create | Villager (Male) |
| 12:23 | Create | Villager (Male) |
| 13:09 | Research | Castle Age |
| 13:23 | Build | Fish Trap |
| 13:25 | Build | Fish Trap |
| 13:34 | Research | Double-Bit Axe |
| 13:34 | Research | Double-Bit Axe |
| 13:48 | Build | Fish Trap |
| 14:08 | Research | Tech 906 |
| 14:08 | Research | Tech 906 |
| 15:41 | Build | Dock |
| 15:48 | Build | Fish Trap |
| 15:50 | Build | Fish Trap |
| 15:53 | Age | Castle Age |
| 15:54 | Build | Fish Trap |
| 15:55 | Research | Bow Saw |
| 15:57 | Research | Gillnets |
| 15:58 | Create | Villager (Male) |
| 16:14 | Build | Dock |
| 16:28 | Build | Town Center |
| 16:33 | Create | Fishing Ship |
| 16:34 | Create | Villager (Male) |
| 16:34 | Create | Villager (Male) |
| 16:50 | Create | Villager (Male) |
| 17:03 | Build | Town Center |
| 17:23 | Build | Fish Trap |
| 17:25 | Create | Villager (Male) |
| 17:26 | Create | Villager (Male) |
| 17:26 | Create | Villager (Male) |
| 18:06 | Create | Villager (Male) |
| 18:08 | Create | Fishing Ship |
| 18:09 | Create | Fishing Ship |
| 18:09 | Create | Villager (Male) |
| 18:09 | Create | Villager (Male) |
| 18:16 | Build | Dock |
| 18:23 | Create | Villager (Male) |
| 18:23 | Create | Villager (Male) |
| 18:26 | Create | Fishing Ship |
| 18:26 | Create | Fishing Ship |
| 18:41 | Create | Villager (Male) |
| 18:42 | Create | Villager (Male) |
| 18:44 | Create | Fishing Ship |
| 18:44 | Create | Fishing Ship |
| 18:55 | Build | Fish Trap |
| 18:58 | Build | Fish Trap |
| 18:59 | Create | Fishing Ship |
| 18:59 | Create | Fishing Ship |
| 19:00 | Create | Villager (Male) |
| 19:04 | Create | Villager (Male) |
| 19:13 | Build | Fish Trap |
| 19:15 | Build | House |
| 19:16 | Build | House |
| 19:17 | Build | House |
| 19:24 | Build | House |
| 19:25 | Build | House |
| 19:26 | Build | House |
| 19:29 | Build | House |
| 19:30 | Build | House |
| 19:31 | Build | House |
| 19:31 | Create | Villager (Male) |
| 19:32 | Create | Fishing Ship |
| 19:33 | Research | Town Watch |
| 19:39 | Research | Wheelbarrow |
| 19:44 | Build | Fish Trap |
| 19:47 | Build | Fish Trap |
| 19:57 | Create | Villager (Male) |
| 19:58 | Create | Fishing Ship |
| 19:58 | Create | Fishing Ship |
| 20:17 | Build | House |
| 20:18 | Build | House |
| 20:19 | Build | House |
| 20:22 | Create | Villager (Male) |
| 20:26 | Create | Fishing Ship |
| 20:26 | Create | Fishing Ship |
| 20:31 | Build | Fish Trap |
| 20:35 | Build | Fish Trap |
| 20:39 | Build | Fish Trap |
| 20:41 | Build | Fish Trap |
| 20:42 | Create | Villager (Male) |
| 20:42 | Create | Villager (Male) |
| 20:43 | Create | Villager (Male) |
| 20:55 | Create | Villager (Male) |
| 20:58 | Create | Villager (Male) |
| 21:00 | Build | House |
| 21:01 | Build | House |
| 21:03 | Build | House |
| 21:03 | Build | House |
| 21:04 | Create | Fishing Ship |
| 21:04 | Create | Fishing Ship |
| 21:05 | Create | Fishing Ship |
| 21:09 | Build | Fish Trap |
| 21:16 | Build | Fish Trap |
| 21:18 | Create | Villager (Male) |
| 21:18 | Create | Villager (Male) |
| 21:26 | Create | Fishing Ship |
| 21:29 | Build | Fish Trap |
| 21:43 | Create | Villager (Male) |
| 21:43 | Create | Villager (Male) |
| 21:45 | Create | Fishing Ship |
| 21:45 | Create | Fishing Ship |
| 21:53 | Build | Fish Trap |
Match timeline
| 1:10 | Mununez · wall_segment Palisade Wall x1 |
| 1:15 | Mununez · wall_segment Palisade Wall x1 |
| 1:19 | Mununez · wall_segment Palisade Wall x1 |
| 1:43 | Mununez · wall_segment Palisade Wall x7 |
| 2:10 | Veci · wall_segment Palisade Wall x13 |
| 3:01 | scorpion145 · wall_segment Palisade Wall x1 |
| 3:10 | scorpion145 · wall_segment Palisade Wall x1 |
| 3:12 | Mununez · wall_segment Palisade Wall x11 |
| 4:26 | Grinchy · first_building Dock |
| 4:47 | Harzah · first_building Dock |
| 5:06 | Mununez · wall_segment Palisade Wall x3 |
| 5:17 | MrWrong · first_building Dock |
| 5:58 | Mununez · first_building Dock |
| 6:05 | dinkydinks · wall_segment Palisade Wall x1 |
| 6:05 | dinkydinks · wall_segment Palisade Wall x1 |
| 6:12 | dinkydinks · first_building Dock |
| 6:18 | Grinchy · wall_segment Palisade Wall x1 |
| 6:19 | Grinchy · wall_segment Palisade Wall x1 |
| 6:21 | Grinchy · wall_segment Palisade Wall x1 |
| 6:21 | Grinchy · wall_segment Palisade Wall x1 |
| 6:25 | Grinchy · wall_segment Palisade Wall x9 |
| 6:38 | Grinchy · wall_segment Palisade Wall x1 |
| 6:47 | Grinchy · wall_segment Palisade Wall x1 |
| 7:00 | MrWrong · wall_segment Palisade Wall x3 |
| 7:02 | MrWrong · wall_segment Palisade Wall x4 |
| 7:22 | Grinchy · wall_segment Palisade Wall x1 |
| 8:17 | scorpion145 · first_building Barracks |
| 8:48 | MrWrong · wall_segment Palisade Wall x3 |
| 9:12 | MrWrong · wall_segment Palisade Wall x6 |
| 9:16 | Rooster · first_building Dock |
| 9:30 | scorpion145 · age_up feudal |
| 9:34 | scorpion145 · first_building Archery Range |
| 9:55 | Rooster · wall_segment Palisade Wall x1 |
| 9:57 | MrWrong · wall_segment Palisade Wall x1 |
| 9:57 | MrWrong · wall_segment Palisade Wall x1 |
| 9:58 | Rooster · wall_segment Palisade Wall x1 |
| 10:04 | MrWrong · wall_segment Palisade Wall x1 |
| 10:06 | scorpion145 · wall_segment Stone Wall x8 |
| 10:37 | Rooster · age_up feudal |
| 10:41 | Rooster · wall_segment Stone Wall x3 |
| 10:53 | Rooster · wall_segment Stone Wall x3 |
| 11:04 | Veci · age_up feudal |
| 11:12 | MrWrong · first_building Barracks |
| 11:20 | Veci · wall_segment Stone Wall x10 |
| 11:23 | scorpion145 · wall_segment Stone Wall x4 |
| 11:51 | Grinchy · age_up feudal |
| 11:54 | Rooster · wall_segment Stone Wall x1 |
| 12:04 | Harzah · age_up feudal |
| 12:08 | Veci · first_market_sell 100 stone |
| 12:12 | Veci · first_market_buy 100 food |
| 12:13 | dinkydinks · age_up feudal |
| 12:30 | MrWrong · age_up feudal |
| 12:31 | Rooster · wall_segment Stone Wall x7 |
| 12:33 | MrWrong · first_building Stable |
| 12:38 | Mununez · age_up feudal |
| 13:03 | Rooster · first_market_sell 100 wood |
| 13:07 | scorpion145 · first_building Dock |
| 13:20 | Grinchy · wall_segment Stone Wall x10 |
| 13:22 | Mununez · wall_segment Stone Wall x10 |
| 14:34 | MrWrong · wall_segment Stone Wall x11 |
| 14:55 | Veci · age_up castle |
| 15:00 | Veci · first_building Siege Workshop |
| 15:37 | Veci · first_building Monastery |
| 15:38 | Grinchy · age_up castle |
| 15:53 | Harzah · age_up castle |
| 16:15 | Rooster · age_up castle |
| 16:20 | Harzah · first_market_buy 100 wood |
| 16:26 | Rooster · wall_segment Stone Wall x9 |
| 16:32 | Grinchy · first_market_buy 100 food |
| 16:47 | Rooster · wall_segment Palisade Wall x1 |
| 16:48 | MrWrong · age_up castle |
| 16:48 | dinkydinks · age_up castle |
| 16:51 | Rooster · wall_segment Stone Wall x1 |
| 16:56 | dinkydinks · first_building Siege Workshop |
| 17:13 | Mununez · age_up castle |
| 17:41 | Mununez · first_building Castle |
| 18:03 | Rooster · wall_segment Stone Wall x1 |
| 18:16 | Veci · wall_segment Stone Wall x6 |
| 18:18 | Veci · wall_segment Stone Wall x12 |
| 18:30 | Veci · wall_segment Stone Wall x3 |
| 18:56 | Rooster · wall_segment Stone Wall x1 |
| 19:13 | Veci · wall_segment Stone Wall x1 |
| 19:14 | Veci · wall_segment Stone Wall x1 |
| 19:15 | Veci · wall_segment Stone Wall x1 |
| 19:15 | Veci · wall_segment Stone Wall x1 |
| 19:44 | Rooster · wall_segment Stone Wall x1 |
| 19:46 | Rooster · wall_segment Stone Wall x1 |
| 20:24 | Mununez · first_market_buy 100 food |
| 20:37 | Rooster · first_market_buy 100 food |
| 20:52 | Rooster · wall_segment Stone Wall x1 |
| 20:52 | Rooster · wall_segment Stone Wall x1 |
| 21:19 | dinkydinks · first_building Monastery |
| 21:45 | Veci · wall_segment Stone Wall x1 |
| 21:46 | Veci · wall_segment Stone Wall x1 |
| 21:47 | Veci · wall_segment Stone Wall x1 |
| 22:00 | scorpion145 · age_up castle |
| 22:10 | Veci · wall_segment Stone Wall x1 |
| 22:20 | Rooster · first_building Castle |
| 22:21 | Mununez · age_up imperial |
| 22:31 | Rooster · wall_segment Stone Wall x1 |
| 22:43 | Veci · wall_segment Stone Wall x5 |
| 22:44 | Veci · wall_segment Stone Wall x12 |
| 22:47 | Veci · wall_segment Stone Wall x6 |
| 22:53 | Rooster · wall_segment Stone Wall x1 |
| 23:04 | Veci · wall_segment Stone Wall x3 |
| 23:08 | Veci · wall_segment Stone Wall x10 |
| 23:10 | Veci · wall_segment Stone Wall x5 |
| 23:11 | Veci · wall_segment Stone Wall x10 |
| 23:12 | Harzah · first_building Barracks |
| 23:25 | Harzah · first_building Monastery |
| 23:28 | Grinchy · first_building Monastery |
| 23:29 | Mununez · first_market_sell 100 wood |
| 23:46 | Grinchy · first_market_sell 100 food |
| 23:57 | dinkydinks · first_market_buy 100 food |
| 24:40 | scorpion145 · first_building Monastery |
| 24:46 | Veci · wall_segment Stone Wall x10 |
| 24:47 | Veci · wall_segment Stone Wall x12 |
| 25:02 | Grinchy · first_building Barracks |
| 25:13 | Veci · wall_segment Stone Wall x9 |
| 25:22 | Veci · wall_segment Stone Wall x1 |
| 25:38 | Grinchy · first_building Castle |
| 25:51 | Grinchy · first_building Stable |
| 26:01 | Veci · wall_segment Stone Wall x1 |
| 26:17 | MrWrong · wall_segment Stone Wall x11 |
| 26:25 | MrWrong · wall_segment Stone Wall x1 |
| 26:25 | Veci · wall_segment Stone Wall x5 |
| 26:29 | Veci · wall_segment Stone Wall x12 |
| 26:34 | Rooster · wall_segment Stone Wall x6 |
| 26:35 | Rooster · wall_segment Stone Wall x1 |
| 26:38 | Veci · wall_segment Stone Wall x4 |
| 26:39 | Veci · wall_segment Stone Wall x8 |
| 26:44 | Rooster · wall_segment Stone Wall x1 |
| 26:51 | Grinchy · first_building Siege Workshop |
| 27:12 | Harzah · first_building Siege Workshop |
| 27:29 | MrWrong · first_building Siege Workshop |
| 27:47 | Grinchy · first_building Krepost |
| 27:53 | Veci · wall_segment Stone Wall x1 |
| 27:56 | Veci · wall_segment Stone Wall x1 |
| 28:05 | Grinchy · age_up imperial |
| 28:19 | Harzah · first_building Castle |
| 28:19 | MrWrong · first_market_buy 100 food |
| 28:21 | MrWrong · first_market_sell 100 wood |
| 28:29 | Harzah · age_up imperial |
| 28:35 | dinkydinks · first_market_sell 100 wood |
| 28:45 | Mununez · first_building Siege Workshop |
| 28:56 | Mununez · first_building Barracks |
| 28:59 | Veci · wall_segment Stone Wall x1 |
| 29:01 | Veci · wall_segment Stone Wall x5 |
| 29:14 | Veci · wall_segment Stone Wall x1 |
| 30:10 | Mununez · first_building Archery Range |
| 30:12 | MrWrong · first_building Archery Range |
| 30:13 | scorpion145 · first_market_buy 100 wood |
| 30:18 | Veci · wall_segment Stone Wall x12 |
| 30:34 | Veci · wall_segment Stone Wall x6 |
| 30:37 | Veci · wall_segment Stone Wall x5 |
| 30:39 | Veci · wall_segment Stone Wall x1 |
| 30:39 | Veci · wall_segment Stone Wall x1 |
| 30:40 | Veci · wall_segment Stone Wall x1 |
| 30:40 | Veci · wall_segment Stone Wall x1 |
| 30:52 | MrWrong · first_building Castle |
| 31:18 | Rooster · first_building Barracks |
| 31:38 | MrWrong · age_up imperial |
| 31:51 | Veci · first_building Barracks |
| 32:05 | dinkydinks · age_up imperial |
| 32:22 | Harzah · first_market_sell 500 food |
| 32:26 | Rooster · first_building Stable |
| 32:37 | Rooster · age_up imperial |
| 32:43 | Veci · wall_segment Stone Wall x1 |
| 33:08 | Veci · wall_segment Stone Wall x10 |
| 33:15 | Veci · wall_segment Stone Wall x1 |
| 33:15 | scorpion145 · first_building Stable |
| 33:18 | dinkydinks · first_building Barracks |
| 33:30 | Veci · first_building Archery Range |
| 34:19 | Veci · wall_segment Stone Wall x1 |
| 34:24 | Veci · age_up imperial |
| 34:27 | Rooster · first_building Siege Workshop |
| 34:52 | Mununez · tribute_sent a jugador 1 |
| 34:52 | Mununez · tribute_sent a jugador 2 |
| 34:52 | Mununez · tribute_sent a jugador 3 |
| 34:52 | Mununez · tribute_sent a jugador 5 |
| 34:52 | Mununez · tribute_sent a jugador 6 |
| 34:52 | Mununez · tribute_sent a jugador 7 |
| 34:52 | Mununez · tribute_sent a jugador 8 |
| 35:22 | Grinchy · tribute_sent a jugador 1 |
| 35:22 | Grinchy · tribute_sent a jugador 3 |
| 35:22 | Grinchy · tribute_sent a jugador 4 |
| 35:22 | Grinchy · tribute_sent a jugador 5 |
| 35:22 | Grinchy · tribute_sent a jugador 6 |
| 35:22 | Grinchy · tribute_sent a jugador 7 |
| 35:22 | Grinchy · tribute_sent a jugador 8 |
| 35:31 | scorpion145 · age_up imperial |
| 35:51 | Grinchy · tribute_sent a jugador 1 |
| 35:51 | Grinchy · tribute_sent a jugador 3 |
| 35:51 | Grinchy · tribute_sent a jugador 4 |
| 35:51 | Grinchy · tribute_sent a jugador 5 |
| 35:51 | Grinchy · tribute_sent a jugador 6 |
| 35:51 | Grinchy · tribute_sent a jugador 7 |
| 35:51 | Grinchy · tribute_sent a jugador 8 |
| 37:37 | scorpion145 · first_market_sell 500 wood |
| 37:55 | scorpion145 · first_building Castle |
| 38:42 | Grinchy · tribute_sent a jugador 1 |
| 38:42 | Grinchy · tribute_sent a jugador 3 |
| 38:42 | Grinchy · tribute_sent a jugador 4 |
| 38:42 | Grinchy · tribute_sent a jugador 5 |
| 38:42 | Grinchy · tribute_sent a jugador 6 |
| 38:42 | Grinchy · tribute_sent a jugador 7 |
| 38:42 | Grinchy · tribute_sent a jugador 8 |
| 39:00 | dinkydinks · first_building Castle |
| 39:38 | MrWrong · wall_segment Stone Wall x12 |
| 40:01 | Harzah · tribute_sent a jugador 1 |
| 40:01 | Harzah · tribute_sent a jugador 2 |
| 40:01 | Harzah · tribute_sent a jugador 3 |
| 40:01 | Harzah · tribute_sent a jugador 4 |
| 40:01 | Harzah · tribute_sent a jugador 5 |
| 40:01 | Harzah · tribute_sent a jugador 6 |
| 40:01 | Harzah · tribute_sent a jugador 7 |
| 42:21 | Grinchy · tribute_sent a jugador 1 |
| 42:21 | Grinchy · tribute_sent a jugador 3 |
| 42:21 | Grinchy · tribute_sent a jugador 4 |
| 42:21 | Grinchy · tribute_sent a jugador 5 |
| 42:21 | Grinchy · tribute_sent a jugador 6 |
| 42:21 | Grinchy · tribute_sent a jugador 7 |
| 42:21 | Grinchy · tribute_sent a jugador 8 |
| 42:27 | dinkydinks · tribute_sent a jugador 1 |
| 42:27 | dinkydinks · tribute_sent a jugador 2 |
| 42:27 | dinkydinks · tribute_sent a jugador 3 |
| 42:27 | dinkydinks · tribute_sent a jugador 4 |
| 42:27 | dinkydinks · tribute_sent a jugador 6 |
| 42:27 | dinkydinks · tribute_sent a jugador 7 |
| 42:27 | dinkydinks · tribute_sent a jugador 8 |
| 43:53 | scorpion145 · wall_segment Stone Wall x5 |
| 44:01 | Grinchy · tribute_sent a jugador 1 |
| 44:01 | Grinchy · tribute_sent a jugador 3 |
| 44:01 | Grinchy · tribute_sent a jugador 4 |
| 44:01 | Grinchy · tribute_sent a jugador 5 |
| 44:01 | Grinchy · tribute_sent a jugador 6 |
| 44:01 | Grinchy · tribute_sent a jugador 7 |
| 44:01 | Grinchy · tribute_sent a jugador 8 |
| 45:10 | Grinchy · tribute_sent a jugador 1 |
| 45:10 | Grinchy · tribute_sent a jugador 3 |
| 45:10 | Grinchy · tribute_sent a jugador 4 |
| 45:10 | Grinchy · tribute_sent a jugador 5 |
| 45:10 | Grinchy · tribute_sent a jugador 6 |
| 45:10 | Grinchy · tribute_sent a jugador 7 |
| 45:10 | Grinchy · tribute_sent a jugador 8 |
| 45:17 | MrWrong · wall_segment Stone Wall x13 |
| 45:29 | dinkydinks · tribute_sent a jugador 1 |
| 45:29 | dinkydinks · tribute_sent a jugador 2 |
| 45:29 | dinkydinks · tribute_sent a jugador 3 |
| 45:29 | dinkydinks · tribute_sent a jugador 4 |
| 45:29 | dinkydinks · tribute_sent a jugador 6 |
| 45:29 | dinkydinks · tribute_sent a jugador 7 |
| 45:29 | dinkydinks · tribute_sent a jugador 8 |
| 45:36 | scorpion145 · wall_segment Stone Wall x11 |
| 49:15 | Grinchy · tribute_sent a jugador 1 |
| 49:15 | Grinchy · tribute_sent a jugador 3 |
| 49:15 | Grinchy · tribute_sent a jugador 4 |
| 49:15 | Grinchy · tribute_sent a jugador 5 |
| 49:15 | Grinchy · tribute_sent a jugador 6 |
| 49:15 | Grinchy · tribute_sent a jugador 7 |
| 49:15 | Grinchy · tribute_sent a jugador 8 |
| 49:42 | Grinchy · tribute_sent a jugador 1 |
| 49:42 | Grinchy · tribute_sent a jugador 3 |
| 49:42 | Grinchy · tribute_sent a jugador 4 |
| 49:42 | Grinchy · tribute_sent a jugador 5 |
| 49:42 | Grinchy · tribute_sent a jugador 6 |
| 49:42 | Grinchy · tribute_sent a jugador 7 |
| 49:42 | Grinchy · tribute_sent a jugador 8 |
| 49:46 | Veci · tribute_sent a jugador 2 |
| 49:46 | Veci · tribute_sent a jugador 3 |
| 49:46 | Veci · tribute_sent a jugador 4 |
| 49:46 | Veci · tribute_sent a jugador 5 |
| 49:46 | Veci · tribute_sent a jugador 6 |
| 49:46 | Veci · tribute_sent a jugador 7 |
| 49:46 | Veci · tribute_sent a jugador 8 |
| 50:26 | Veci · first_building Castle |
| 50:40 | Harzah · first_building Stable |
| 51:56 | Mununez · resign |
[ AI ANALYSIS · 1 CREDIT ]
What really happened in this match?
Wolo.gg analyzes every decision: build order, eco, micro, common mistakes by bracket. Personalized analysis on WhatsApp or Discord in 30 seconds.
Civ guide
Burgundians
Perfil
Veci